NYP
BOISE HAWKS @ WEST VIRGINIA BLACK BEARS
09/08/2047
 
TOP OF THE 1ST
Boise Hawks batting - Pitching for West Virginia Black Bears : LHP Ben Buerck
Pitching: LHP Ben Buerck
Batting: RHB Corban Stavrakis 0-0: Foul Ball, location: 2F
0-1: Ball
1-1: Fly out, F7 (Flyball, 78S, EV 95.6 MPH)
Batting: RHB Omar Arroyo 0-0: Called Strike
0-1: Swinging Strike
0-2: Ball
1-2: Strikes out swinging
Batting: RHB John Corfield 0-0: Swinging Strike
0-1: Ball
1-1: SOLO HOME RUN (Line Drive, 7D, EV 103.8 MPH), Distance : 396 ft
Batting: LHB Ho-win Zhou 0-0: Called Strike
0-1: Swinging Strike
0-2: Strikes out swinging
Top of the 1st over - 1 run, 1 hit, 0 errors, 0 left on base; Boise 1 - West Virginia 0
BOTTOM OF THE 1ST
West Virginia Black Bears batting - Pitching for Boise Hawks : LHP Jason Peck
Pitching: LHP Jason Peck
Batting: RHB Perry Dominey 0-0: Called Strike
0-1: Ball
1-1: Ball
2-1: Bunt missed!
2-2: Ball
3-2: Strikes out swinging
Batting: RHB Tim Moore 0-0: Ball
1-0: Ball
2-0: Ball
3-0: Called Strike
3-1: Swinging Strike
3-2: Base on Balls
Batting: LHB Carlos Vega 0-0: Called Strike
0-1: Foul Ball, location: 2F
0-2: Fly out, F7 (Flyball, 78S, EV 88.8 MPH)
Pitching: RHP Michael Conrad
Batting: RHB Jaime Dubicki 0-0: Called Strike
0-1: Ball
1-1: Foul Ball, location: 2F
1-2: Ball
2-2: SINGLE (Flyball, 8LS, EV 96.2 MPH)
Tim Moore to second
Runner from 2nd tries for 3rd, OUT! 8-5
Bottom of the 1st over - 0 runs, 1 hit, 0 errors, 1 left on base; Boise 1 - West Virginia 0
TOP OF THE 2ND
Boise Hawks batting - Pitching for West Virginia Black Bears : LHP Ben Buerck
Batting: RHB Shawn Weber 0-0: Ball
1-0: Called Strike
1-1: Foul Ball, location: 2F
1-2: Ground out 5-3 (Groundball, 56, EV 103.1 MPH)
Batting: LHB Jon Burgos 0-0: DOUBLE (Flyball, 78D, EV 107.5 MPH)
Batting: RHB Chris Simmons 0-0: Ball
1-0: Ground out 6-3 (Groundball, 6S, EV 85.0 MPH)
Batting: RHB Miguel Cardona 0-0: Called Strike
0-1: Ball
1-1: Ball
2-1: Ball
3-1: Swinging Strike
3-2: Ground out 4-3 (Groundball, 4, EV 83.8 MPH)
Top of the 2nd over - 0 runs, 1 hit, 0 errors, 1 left on base; Boise 1 - West Virginia 0
BOTTOM OF THE 2ND
West Virginia Black Bears batting - Pitching for Boise Hawks : RHP Michael Conrad
Batting: LHB Tomohiro Yokoyama 0-0: Swinging Strike
0-1: Fly out, F9 (Flyball, 9LM, EV 95.0 MPH)
Batting: RHB Seung-mun Kim 0-0: Called Strike
0-1: Called Strike
0-2: Fly out, F9 (Flyball, 9, EV 92.5 MPH)
Batting: LHB Randy Boone 0-0: Ball
1-0: DOUBLE (Line Drive, 8RD, EV 106.2 MPH)
Batting: RHB Brian Moore 0-0: SINGLE (Groundball, 6MD, EV 102.5 MPH)
Randy Boone to third
Runner from 3rd tries for Home, SAFE, throw by CF to home
Brian Moore to second
Batting: LHB Aito Harada 0-0: Ball
1-0: Ball
2-0: Ball
3-0: Base on Balls
Batting: RHB Perry Dominey 0-0: DOUBLE (Groundball, 5L, EV 100.0 MPH)
Brian Moore scores
Aito Harada to third
Batting: RHB Tim Moore 0-0: Ball
1-0: Called Strike
1-1: Ball
2-1: Called Strike
2-2: Strikes out swinging
Bottom of the 2nd over - 2 runs, 3 hits, 0 errors, 2 left on base; Boise 1 - West Virginia 2
TOP OF THE 3RD
Boise Hawks batting - Pitching for West Virginia Black Bears : LHP Ben Buerck
Batting: LHB Justin Long 0-0: Foul Ball, location: 2F
0-1: Ground out 5-3 (Groundball, 5S, EV 68.8 MPH)
Batting: RHB Corban Stavrakis 0-0: Fly out, F9 (Flyball, 9S, EV 92.5 MPH)
Batting: RHB Omar Arroyo 0-0: Called Strike
0-1: SINGLE (Flyball, 34D, EV 95.6 MPH)
Batting: RHB John Corfield Pickoff Throw to First - Out! 1-3 CS
Top of the 3rd over - 0 runs, 1 hit, 0 errors, 0 left on base; Boise 1 - West Virginia 2
BOTTOM OF THE 3RD
West Virginia Black Bears batting - Pitching for Boise Hawks : RHP Michael Conrad
Batting: LHB Carlos Vega 0-0: Called Strike
0-1: Ball
1-1: Called Strike
1-2: Ball
2-2: Reached on error, E4 (Groundball, 4, EV 80.0 MPH)
Batting: RHB Jaime Dubicki 0-0: Ball
1-0: Fielders Choice at 2nd, 1-6 (Groundball, 13S, EV 73.8 MPH)
Batting: LHB Tomohiro Yokoyama 0-0: Ball
1-0: Foul Ball, location: 2F
1-1: SINGLE (Groundball, 3D, EV 105.0 MPH)
Jaime Dubicki to second
Runner from 2nd tries for 3rd, SAFE, throw by RF made to third
Batting: RHB Seung-mun Kim 0-0: Foul Ball, location: 2F
0-1: Ball
1-1: Called Strike
Tomohiro Yokoyama is caught stealing 2nd base 2-4
1-2: Foul Ball, location: 2F
1-2: Strikes out looking
Bottom of the 3rd over - 0 runs, 1 hit, 1 error, 1 left on base; Boise 1 - West Virginia 2
TOP OF THE 4TH
Boise Hawks batting - Pitching for West Virginia Black Bears : LHP Ben Buerck
Batting: RHB John Corfield 0-0: Ball
1-0: Foul Ball, location: 2F
1-1: Called Strike
1-2: Foul Ball, location: 2F
1-2: Foul Ball, location: 2F
1-2: Strikes out looking
Batting: LHB Ho-win Zhou 0-0: Foul Ball, location: 2F
0-1: SINGLE (Groundball, 4MS, EV 65.0 MPH) (infield hit)
Batting: RHB Shawn Weber 0-0: Ball
1-0: Ball
2-0: Fly out, F4 (Popup, 4MD, EV 60.0 MPH)
Batting: LHB Jon Burgos 0-0: Ball
1-0: Ball
2-0: Foul Ball, location: 2F
2-1: Foul Ball, location: 2F
2-2: Foul Ball, location: 2F
2-2: Strikes out swinging
Top of the 4th over - 0 runs, 1 hit, 0 errors, 1 left on base; Boise 1 - West Virginia 2
BOTTOM OF THE 4TH
West Virginia Black Bears batting - Pitching for Boise Hawks : RHP Michael Conrad
Batting: LHB Randy Boone 0-0: Ball
1-0: Swinging Strike
1-1: Ball
2-1: Fly out, F3 (Line Drive, 3, EV 67.5 MPH)
Batting: RHB Brian Moore 0-0: Ball
1-0: Ball
2-0: Ground out 3-1 (Groundball, 34S, EV 65.0 MPH)
Batting: LHB Aito Harada 0-0: SINGLE (Groundball, 56D, EV 96.9 MPH)
Pitching: RHP Manny Lebron
Batting: RHB Perry Dominey 0-0: Ball
1-0: Foul Ball, location: 2F
1-1: Ball
2-1: Fly out, F9 (Flyball, 9D, EV 92.5 MPH)
Bottom of the 4th over - 0 runs, 1 hit, 0 errors, 1 left on base; Boise 1 - West Virginia 2
TOP OF THE 5TH
Boise Hawks batting - Pitching for West Virginia Black Bears : LHP Ben Buerck
Batting: RHB Chris Simmons 0-0: Ball
1-0: Called Strike
1-1: Foul Ball, location: 2F
1-2: Fly out, F7 (Flyball, 7S, EV 81.9 MPH)
Batting: RHB Miguel Cardona 0-0: Ball
1-0: Ball
2-0: Ball
3-0: Called Strike
3-1: Foul Ball, location: 2F
3-2: Ground out 6-3 (Groundball, 6, EV 84.4 MPH)
Batting: LHB Justin Long 0-0: Ball
1-0: Ball
2-0: Ball
3-0: Base on Balls
Batting: RHB Corban Stavrakis 0-0: Ball
1-0: Ball
2-0: Swinging Strike
2-1: Called Strike
2-2: Strikes out swinging
Top of the 5th over - 0 runs, 0 hits, 0 errors, 1 left on base; Boise 1 - West Virginia 2
BOTTOM OF THE 5TH
West Virginia Black Bears batting - Pitching for Boise Hawks : RHP Manny Lebron
Batting: RHB Tim Moore 0-0: Ball
1-0: Ground out 5-3 (Groundball, 56, EV 103.1 MPH)
Batting: LHB Carlos Vega 0-0: Ground out U3 (Groundball, 3, EV 83.1 MPH)
Batting: RHB Jaime Dubicki 0-0: Ball
1-0: Foul Ball, location: 2F
1-1: SINGLE (Groundball, 6MD, EV 100.6 MPH)
Batting: LHB Tomohiro Yokoyama 0-0: Called Strike
0-1: Called Strike
0-2: Fly out, F9 (Flyball, 9, EV 96.9 MPH)
Bottom of the 5th over - 0 runs, 1 hit, 0 errors, 1 left on base; Boise 1 - West Virginia 2
TOP OF THE 6TH
Boise Hawks batting - Pitching for West Virginia Black Bears : LHP Ben Buerck
Batting: RHB Omar Arroyo 0-0: Ball
1-0: Foul Ball, location: 2F
1-1: Called Strike
1-2: Foul Ball, location: 2F
1-2: Strikes out swinging
Batting: RHB John Corfield 0-0: SINGLE (Line Drive, 7S, EV 92.5 MPH)
Batting: LHB Ho-win Zhou 0-0: Called Strike
0-1: Foul Ball, location: 2F
0-2: Strikes out swinging
Batting: RHB Shawn Weber 0-0: Foul Ball, location: 2F
0-1: Ball
1-1: Fielders Choice at 2nd, 5-4 (Groundball, 5, EV 106.2 MPH)
Top of the 6th over - 0 runs, 1 hit, 0 errors, 1 left on base; Boise 1 - West Virginia 2
BOTTOM OF THE 6TH
West Virginia Black Bears batting - Pitching for Boise Hawks : RHP Manny Lebron
Batting: RHB Seung-mun Kim 0-0: Ball
1-0: Ball
2-0: Ball
3-0: Called Strike
3-1: Base on Balls
Batting: LHB Randy Boone 0-0: Swinging Strike
0-1: Ball
1-1: Ball
2-1: DOUBLE (Line Drive, 9LS, EV 97.5 MPH)
Seung-mun Kim to third
Batting: RHB Brian Moore 0-0: SINGLE (Groundball, 56D, EV 104.4 MPH)
Seung-mun Kim scores
Randy Boone to third
Runner from 3rd tries for Home, SAFE, throw by LF to home
Batting: LHB Aito Harada 0-0: Ball
1-0: Swinging Strike
1-1: SINGLE (Line Drive, 6MD, EV 103.8 MPH)
Brian Moore to second
Batting: RHB Perry Dominey 0-0: Swinging Strike
0-1: Ball
1-1: Called Strike
1-2: Ball
2-2: Foul Ball, location: 2F
2-2: Ball
3-2: SINGLE (Groundball, P, EV 92.5 MPH) (infield hit)
Brian Moore to third
Aito Harada to second
Batting: RHB Tim Moore 0-0: Called Strike
0-1: SINGLE (Groundball, 6D, EV 99.4 MPH)
Brian Moore scores
Aito Harada to third
Perry Dominey to second
Batting: LHB Carlos Vega 0-0: Foul Ball, location: 2F
0-1: Foul Ball, location: 2F
0-2: Ball
1-2: Strikes out looking
Batting: RHB Jaime Dubicki 0-0: Foul Ball, location: 2F
0-1: Foul Ball, location: 2F
0-2: Ball
1-2: Ball
2-2: Foul Ball, location: 2F
2-2: Foul Ball, location: 2F
2-2: Fly out, F6 (Popup, 6MD, EV 67.5 MPH)
Batting: LHB Tomohiro Yokoyama 0-0: Ball
1-0: Ball
2-0: Fly out, F9 (Flyball, 9, EV 85.0 MPH)
Bottom of the 6th over - 3 runs, 5 hits, 0 errors, 3 left on base; Boise 1 - West Virginia 5
TOP OF THE 7TH
Boise Hawks batting - Pitching for West Virginia Black Bears : LHP Ben Buerck
Now in RF: Roberto Guzman
Batting: LHB Jon Burgos 0-0: Called Strike
0-1: Ball
1-1: Ground out 6-3 (Groundball, 6, EV 84.4 MPH)
Pitching: RHP Mike West
Batting: RHB Chris Simmons 0-0: Hit by Pitch
Batting: RHB Miguel Cardona 0-0: Called Strike
0-1: Called Strike
0-2: Hit by Pitch
Chris Simmons to second
Batting: LHB Justin Long 0-0: Swinging Strike
0-1: Swinging Strike
0-2: Ball
1-2: Ball
2-2: Strikes out swinging
Batting: RHB Corban Stavrakis 0-0: Called Strike
0-1: Ball
1-1: Foul Ball, location: 2F
1-2: Ball
2-2: Reached on error, E5 (Groundball, 56, EV 82.5 MPH)
Chris Simmons to third
Miguel Cardona to second
Batting: RHB Omar Arroyo 0-0: TRIPLE (Groundball, 3L, EV 103.8 MPH)
Chris Simmons scores
Miguel Cardona scores
Corban Stavrakis scores
Batting: RHB John Corfield 0-0: Swinging Strike
0-1: Swinging Strike
0-2: Ball
1-2: Strikes out swinging
Top of the 7th over - 3 runs, 1 hit, 1 error, 1 left on base; Boise 4 - West Virginia 5
BOTTOM OF THE 7TH
West Virginia Black Bears batting - Pitching for Boise Hawks : RHP Manny Lebron
Batting: RHB Seung-mun Kim 0-0: Swinging Strike
0-1: Ball
1-1: Foul Ball, location: 2F
1-2: Strikes out swinging, 2-3 out at first.
Pitching: RHP Terry Sterling
Batting: LHB Randy Boone 0-0: Foul Ball, location: 2F
0-1: Ground out U3 (Groundball, 3, EV 96.2 MPH)
Pitching: RHP Tsuneyoshi Kubo
Batting: RHB Brian Moore 0-0: Called Strike
0-1: Ball
1-1: Called Strike
1-2: Foul Ball, location: 2F
1-2: Strikes out swinging
Bottom of the 7th over - 0 runs, 0 hits, 0 errors, 0 left on base; Boise 4 - West Virginia 5
TOP OF THE 8TH
Boise Hawks batting - Pitching for West Virginia Black Bears : RHP Mike West
Pitching: RHP Iwao Machida
Batting: LHB Ho-win Zhou 0-0: Ball
1-0: Ball
2-0: Foul Ball, location: 2F
2-1: Ball
3-1: Base on Balls
Batting: SHB Nestor Ramirez 0-0: Ball
1-0: Ball
2-0: Ball
3-0: Hit by Pitch
Ho-win Zhou to second
Pitching: RHP Mike Rosen
Batting: LHB Jon Burgos 0-0: Ball
1-0: Called Strike
1-1: Ball
2-1: Ball
3-1: Foul Ball, location: 2F
3-2: Fly out, F9 (Flyball, 89M, EV 92.5 MPH)
Pinch Hitting: SHB Charlie Diesel 0-0: Called Strike
0-1: Called Strike
0-2: Ball
1-2: Strikes out swinging
Batting: RHB Miguel Cardona 0-0: Ball
1-0: Called Strike
1-1: Ball
2-1: SINGLE (Line Drive, 3D, EV 105.0 MPH)
Ho-win Zhou to third
Nestor Ramirez to second
Runner from 3rd tries for Home, SAFE, throw by RF to home
Batting: LHB Justin Long 0-0: Called Strike
0-1: Ball
1-1: Ball
2-1: Foul Ball, location: 2F
2-2: Strikes out swinging
Top of the 8th over - 1 run, 1 hit, 0 errors, 2 left on base; Boise 5 - West Virginia 5
BOTTOM OF THE 8TH
West Virginia Black Bears batting - Pitching for Boise Hawks : RHP Tsuneyoshi Kubo
Now at 3B: Brandon Burrell
Batting: LHB Aito Harada 0-0: Ball
1-0: Fly out, F9 (Flyball, 9, EV 79.4 MPH)
Batting: RHB Perry Dominey 0-0: Called Strike
0-1: Swinging Strike
0-2: SINGLE (Line Drive, 9S, EV 103.1 MPH)
Batting: RHB Tim Moore 0-0: Ball
1-0: Called Strike
1-1: Foul Ball, location: 2F
1-2: Ball
2-2: Grounds into double play, 5-4-3 (Groundball, 56S, EV 83.1 MPH)
Bottom of the 8th over - 0 runs, 1 hit, 0 errors, 0 left on base; Boise 5 - West Virginia 5
TOP OF THE 9TH
Boise Hawks batting - Pitching for West Virginia Black Bears : RHP Mike Rosen
Pinch Hitting: LHB Nick Ramsdell 0-0: Ball
1-0: Foul Ball, location: 2F
1-1: Ground out 1-3 (Groundball, 15S, EV 69.4 MPH)
Batting: RHB Omar Arroyo 0-0: Foul Ball, location: 2F
0-1: Ball
1-1: Swinging Strike
1-2: Ball
2-2: Ball
3-2: Foul Ball, location: 2F
3-2: Strikes out looking
Batting: RHB John Corfield 0-0: Ball
1-0: Ball
2-0: Foul Ball, location: 2F
2-1: Swinging Strike
2-2: Foul Ball, location: 2F
2-2: Ball
3-2: Foul Ball, location: 2F
3-2: Strikes out swinging
Top of the 9th over - 0 runs, 0 hits, 0 errors, 0 left on base; Boise 5 - West Virginia 5
BOTTOM OF THE 9TH
West Virginia Black Bears batting - Pitching for Boise Hawks : RHP Tsuneyoshi Kubo
Now in RF: Conor Davies
Batting: LHB Carlos Vega 0-0: Swinging Strike
0-1: Foul Ball, location: 2F
0-2: Ground out 4-3 (Groundball, 4, EV 85.6 MPH)
Batting: RHB Roberto Guzman 0-0: Foul Ball, location: 2F
0-1: SOLO HOME RUN (Flyball, 7LD, EV 94.4 MPH), Distance : 344 ft
Bottom of the 9th over - 1 run, 1 hit, 0 errors, 0 left on base; Boise 5 - West Virginia 6
Thursday, December 15th , 2022 - OOTP Baseball 23.9 Build 102